 Dungeon Crawl Stone Soup version 0.26-a0-1164-g1a551d6a14 (webtiles) character file.

Game seed: 623989980697325631

29 tilp the Insei (level 3, 0/23 HPs)
             Began as an Octopode Transmuter on Dec 23, 2020.
             Slain by Natasha (7 damage)
             ... on level 2 of the Dungeon.
             The game lasted 00:01:24 (981 turns).

tilp the Insei (Octopode Transmuter)                 Turns: 981, Time: 00:01:25

Health: 0/23       AC:  1    Str:  9    XL:     3   Next: 16%
Magic:  4/6        EV: 13    Int: 16    God:
Gold:   70         SH:  3    Dex: 12    Spells: 3/6 levels left

rFire    . . .     SeeInvis .     - Unarmed
rCold    . . .     Faith    .   b - +0 buckler
rNeg     . . .     Spirit   .   (helmet restricted)
rPois    .         Reflect  .   (no amulet)
rElec    .         Harm     .   (no ring)
rCorr    .         Rampage  .   (no ring)
Will     .....                  (no ring)
Stlth    +++.......             (no ring)
HPRegen  0.07/turn              (no ring)
MPRegen  0.10/turn              (no ring)
                                (no ring)
                                (no ring)

@: wereblooded
A: almost no armour, stealthy swim, amphibious, 8 rings, constrict 8, camouflage
1, gelatinous body 1
a: no special abilities


You were on level 2 of the Dungeon.
You visited 1 branch of the dungeon, and saw 2 of its levels.

You collected 70 gold pieces.

Inventory:

Missiles
 e - 34 stones (quivered)
 g - 6 curare-tipped darts
Armour
 b - a +0 buckler (worn)
Scrolls
 f - a scroll of remove curse {unknown}
Potions
 a - a potion of curing
 d - a potion of might


   Skills:
 + Level 1.6 Fighting
 - Level 2.0 Dodging
 + Level 1.7 Stealth
 + Level 1.1 Shields
 + Level 3.3 Unarmed Combat
 - Level 2.0 Spellcasting
 - Level 2.0 Transmutations


You had 3 spell levels left.
You knew the following spells:

 Your Spells              Type           Power        Failure   Level
a - Beastly Appendage     Tmut           16%          13%         1
b - Wereblood             Tmut           8%           19%         2

Your spell library contained the following spells:

 Spells                   Type           Power        Failure   Level
 Spider Form              Tmut/Pois      2%           50%         3
 Ice Form                 Ice/Tmut       4%           88%         4
 Blade Hands              Tmut           4%           98%         5


Dungeon Overview and Level Annotations

Branches:
Dungeon (2/15)

Altars:

Annotations:
D:2 Natasha


Innate Abilities, Weirdness & Mutations

You cannot wear most types of armour.
You are very stealthy in the water. (Stealth+)
You are amphibious.
You can wear up to eight rings at the same time.
You can use your tentacles to constrict eight enemies at once.
Your skin changes colour to match your surroundings (Stealth+).
Your rubbery body absorbs attacks. (AC +1, EV +1)


Message History

You barely miss Natasha. Your grab misses Natasha. The bat hits you.
Natasha claws you!
You tentacle-slap Natasha. Your grab misses Natasha.
Your squeeze misses Natasha.
Natasha is lightly wounded.
The bat hits you. Natasha closely misses you.
You closely miss Natasha. Your grab misses Natasha.
Your squeeze misses Natasha.
Natasha is lightly wounded.
The bat hits you but does no damage. Natasha claws you.
* * * LOW HITPOINT WARNING * * *
You closely miss Natasha. You grab Natasha.
Natasha is lightly wounded.
You constrict Natasha, but do no damage.
The bat closely misses you. The bat hits you.
* * * LOW HITPOINT WARNING * * *
Natasha howls an incantation.
You feel troubled. Natasha claws you!
You die...

. ##.. ....
#..#######
#....(.#.#
#......#.#
.##......#.#####
.........h$...<#
####..b@#.#####
######.# #.# #.#
#h# ... ###


You could see Natasha and a bat.

Vanquished Creatures
  An ooze (D:1)
  A leopard gecko (D:1)
  3 goblins (D:1)
  5 hobgoblins (D:1)
  3 jackals (D:1)
  2 bats (D:1)
  2 frilled lizards (D:1)
  2 kobolds (D:1)
  2 rats (D:1)
21 creatures vanquished.

Notes
Turn   | Place    | Note
-------+----------+-------------------------------------------
     0 | D:1      | tilp the Octopode Transmuter began the quest for the Orb.
     0 | D:1      | Reached XP level 1. HP: 13/13 MP: 3/3
   489 | D:1      | Reached skill level 1 in Stealth
   546 | D:1      | Reached XP level 2. HP: 18/18 MP: 3/5
   554 | D:1      | Learned a level 2 spell: Wereblood
   620 | D:1      | Reached skill level 1 in Shields
   772 | D:1      | Reached XP level 3. HP: 23/23 MP: 6/6
   970 | D:2      | Noticed Natasha
   981 | D:2      | Slain by Natasha

Illustrated notes

Levels and vault maps discovered:
D:1:      tarquinn_simple_flora_water_f, layout_rooms
D:2:      layout_basic, nicolae_qazlal_eye_of_the_storm,
          chequers_temple_overflow_minitemple, lemuel_crystal_altar,
          uniq_natasha

Skill      XL: |  1  2 |
---------------+-------+-----
Stealth        | 1 |  1.7
Shields        | 1 |  1.1
Fighting       | |  1.6
Dodging        | |  2.0
Unarmed Combat | |  3.3
Spellcasting   | |  2.0
Transmutations | |  2.0

Action                   || total
-------------------------++-------
Melee: Unarmed           ||    45
       Tentacles         ||    10
       Constrict         ||    11
       Kick              ||     5
 Cast: Beastly Appendage ||     8
       Wereblood         ||     3
  Use: Scroll            ||     2
 Stab: Sleeping          ||     2
Armor: Skin              ||     7
Dodge: Dodged            ||    25
Block: Buckler           ||     7

Table legend: (Time is in decaauts)
 A = Elapsed time spent in this place.
 B = Non-inter-level travel time spent in this place.
 C = Inter-level travel time spent in this place.
 D = Time resting spent in this place.
 E = Time spent auto-exploring this place.
 F = Levels seen in this place.
 G = Mean time per level.
                   A        B        C        D        E       F      G
               +--------+--------+--------+--------+--------+-----+--------+
         Total |    979 |    975 |      4 |    220 |    617 |   2 |  489.5 |
       Dungeon |    979 |    975 |      4 |    220 |    617 |   2 |  489.5 |
               +--------+--------+--------+--------+--------+-----+--------+

Top non-repeatable levels by time:
     D:1: 955 daAuts
     D:2: 23 daAuts
